| TOP OF THE 1ST |
|
Toledo Mud Hens batting - Pitching for Fresno Grizzlies : RHP Tommy Cunningham
|
|
Pitching: RHP Tommy Cunningham
|
|
|
Batting: SHB Adam Weber
|
0-0: Ball 1-0: Foul Ball, location: 2F 1-1: Called Strike 1-2: Ball 2-2: Ball 3-2: DOUBLE (Line Drive, 8RD, EV 110.0 MPH)
|
|
Batting: RHB J.J. Basil
|
0-0: Ball 1-0: Ball 2-0: Ball 3-0: Called Strike 3-1: Base on Balls
|
|
Batting: LHB Conrad Taylor
|
0-0: Ball 1-0: Ball 2-0: Called Strike 2-1: Ball 3-1: Fly out, F8 (Line Drive, 8LM, EV 87.5 MPH)
|
|
Batting: LHB Tyler Davis
|
0-0: Swinging Strike 0-1: Swinging Strike 0-2: Foul Ball, location: 2F 0-2: Foul Ball, location: 2F 0-2: Grounds into double play, 4-6-3 (Groundball, 4, EV 91.2 MPH)
|
| Top of the 1st over - 0 runs, 1 hit, 0 errors, 1 left on base; Toledo 0 - Fresno 0 |
| BOTTOM OF THE 1ST |
|
Fresno Grizzlies batting - Pitching for Toledo Mud Hens : LHP Josh Thorpe
|
|
Pitching: LHP Josh Thorpe
|
|
|
Batting: RHB Ben Hoffman
|
0-0: Called Strike 0-1: Ball 1-1: Called Strike 1-2: Ground out 5-3 (Groundball, 56S, EV 68.1 MPH)
|
|
Batting: RHB Edgar Trejo
|
0-0: Swinging Strike 0-1: Foul Ball, location: 2F 0-2: Strikes out looking
|
|
Batting: RHB Bill Cabrera
|
0-0: Ball 1-0: Fly out, F7 (Flyball, 78M, EV 94.4 MPH)
|
| Bottom of the 1st over - 0 runs, 0 hits, 0 errors, 0 left on base; Toledo 0 - Fresno 0 |
| TOP OF THE 2ND |
|
Toledo Mud Hens batting - Pitching for Fresno Grizzlies : RHP Tommy Cunningham
|
|
Batting: SHB Andy Vivas
|
0-0: Ball 1-0: Foul Ball, location: 2F 1-1: Ball 2-1: Foul Ball, location: 2F 2-2: Foul Ball, location: 2F 2-2: Foul Ball, location: 2F 2-2: Foul Ball, location: 2F 2-2: Ground out 4-3 (Groundball, 4D, EV 105.6 MPH)
|
|
Batting: LHB Frank McConnell
|
0-0: Called Strike 0-1: SINGLE (Flyball, 78S, EV 94.4 MPH)
|
|
Batting: SHB Ross Holland
|
0-0: Ball 1-0: Ball Frank McConnell steals 2nd base 2-0: Swinging Strike 2-1: Swinging Strike 2-2: Strikes out swinging
|
|
Batting: RHB Joel Miller
|
0-0: Called Strike 0-1: Ball 1-1: 2-RUN HOME RUN (Flyball, 7D, EV 96.9 MPH), Distance : 361 ft
|
|
Batting: RHB Keith Hoffman
|
0-0: Ball 1-0: Called Strike 1-1: Fly out, F7 (Flyball, 7LS, EV 78.1 MPH)
|
| Top of the 2nd over - 2 runs, 2 hits, 0 errors, 0 left on base; Toledo 2 - Fresno 0 |
| BOTTOM OF THE 2ND |
|
Fresno Grizzlies batting - Pitching for Toledo Mud Hens : LHP Josh Thorpe
|
|
Batting: RHB Ramon Castellon
|
0-0: Ground out 3-1 (Groundball, 34S, EV 84.4 MPH)
|
|
Batting: LHB Doug Anderson
|
0-0: Called Strike 0-1: Foul Ball, location: 2F 0-2: Ball 1-2: Ball 2-2: Ball 3-2: Fly out, F8 (Flyball, 78M, EV 87.5 MPH)
|
|
Batting: RHB Paul Shell
|
0-0: Called Strike 0-1: Ball 1-1: SINGLE (Flyball, 56D, EV 93.8 MPH)
|
|
Batting: SHB Paskar Adegoke
|
0-0: Ball Paul Shell is caught stealing 2nd base 2-4
|
| Bottom of the 2nd over - 0 runs, 1 hit, 0 errors, 0 left on base; Toledo 2 - Fresno 0 |
| TOP OF THE 3RD |
|
Toledo Mud Hens batting - Pitching for Fresno Grizzlies : RHP Tommy Cunningham
|
|
Batting: SHB Adam Weber
|
0-0: Ball 1-0: Ball 2-0: Foul Ball, location: 2F 2-1: Bunted foul 2-2: DOUBLE (Line Drive, 7LS, EV 101.9 MPH)
|
|
Batting: RHB J.J. Basil
|
0-0: Called Strike 0-1: Foul Ball, location: 2F 0-2: Ball 1-2: Ball 2-2: Ball 3-2: Strikes out swinging
|
|
Batting: LHB Conrad Taylor
|
0-0: Ball 1-0: Foul Ball, location: 2F 1-1: Foul Ball, location: 2F 1-2: Ball 2-2: Fly out, F9 (Flyball, 9LMF, EV 105.0 MPH)
|
|
Batting: LHB Tyler Davis
|
0-0: Ball 1-0: Ground out 4-3 (Groundball, 34, EV 82.5 MPH)
|
| Top of the 3rd over - 0 runs, 1 hit, 0 errors, 1 left on base; Toledo 2 - Fresno 0 |
| BOTTOM OF THE 3RD |
|
Fresno Grizzlies batting - Pitching for Toledo Mud Hens : LHP Josh Thorpe
|
|
Batting: SHB Paskar Adegoke
|
0-0: Foul Ball, location: 2F 0-1: Called Strike 0-2: SINGLE (Groundball, 56D, EV 96.9 MPH)
|
|
Batting: RHB Matt Parker
|
0-0: Foul Ball, location: 2F 0-1: Foul Ball, location: 2F 0-2: Strikes out swinging
|
|
Batting: RHB Raul Sanchez
|
0-0: Called Strike 0-1: Called Strike 0-2: Strikes out swinging
|
|
Batting: RHB Ben Hoffman
|
0-0: Called Strike 0-1: Swinging Strike 0-2: Strikes out swinging
|
| Bottom of the 3rd over - 0 runs, 1 hit, 0 errors, 1 left on base; Toledo 2 - Fresno 0 |
| TOP OF THE 4TH |
|
Toledo Mud Hens batting - Pitching for Fresno Grizzlies : RHP Tommy Cunningham
|
|
Batting: SHB Andy Vivas
|
0-0: Ball 1-0: Ball 2-0: Foul Ball, location: 2F 2-1: Swinging Strike 2-2: Ground out 1-3 (Groundball, 15, EV 74.4 MPH)
|
|
Batting: LHB Frank McConnell
|
0-0: Ball 1-0: Fly out, F7 (Line Drive, 78S, EV 98.1 MPH)
|
|
Batting: SHB Ross Holland
|
0-0: SINGLE (Groundball, 56S, EV 71.2 MPH) (infield hit)
|
|
Batting: RHB Joel Miller
|
0-0: Foul Ball, location: 2F 0-1: Ball 1-1: Foul Ball, location: 2F 1-2: Fielders Choice at 2nd, 5-4 (Groundball, 5L, EV 88.1 MPH)
|
| Top of the 4th over - 0 runs, 1 hit, 0 errors, 1 left on base; Toledo 2 - Fresno 0 |
| BOTTOM OF THE 4TH |
|
Fresno Grizzlies batting - Pitching for Toledo Mud Hens : LHP Josh Thorpe
|
|
Batting: RHB Edgar Trejo
|
0-0: Ball 1-0: Foul Ball, location: 2F 1-1: Swinging Strike 1-2: Ball 2-2: Reached on error, E4 (Groundball, 4, EV 103.8 MPH)
|
|
Batting: RHB Bill Cabrera
|
0-0: Ball 1-0: Ball 2-0: Foul Ball, location: 2F 2-1: Foul Ball, location: 2F 2-2: Fly out, F8 (Flyball, 8LD, EV 103.8 MPH)
|
|
Batting: RHB Ramon Castellon
|
0-0: Ball 1-0: DOUBLE (Line Drive, 3D, EV 96.9 MPH) Edgar Trejo scores
|
|
Batting: LHB Doug Anderson
|
0-0: Ground out 6-3 (Groundball, 6M, EV 101.2 MPH) Ramon Castellon to third
|
|
Batting: RHB Paul Shell
|
0-0: Swinging Strike 0-1: 2-RUN HOME RUN (Flyball, 78XD, EV 96.9 MPH), Distance : 391 ft
|
|
Batting: SHB Paskar Adegoke
|
0-0: Ball 1-0: Ball 2-0: Swinging Strike 2-1: Swinging Strike 2-2: Strikes out swinging
|
| Bottom of the 4th over - 3 runs, 2 hits, 1 error, 0 left on base; Toledo 2 - Fresno 3 |
| TOP OF THE 5TH |
|
Toledo Mud Hens batting - Pitching for Fresno Grizzlies : RHP Tommy Cunningham
|
|
Batting: RHB Keith Hoffman
|
0-0: Foul Ball, location: 2F 0-1: SINGLE (Line Drive, 6M, EV 105.6 MPH)
|
|
Batting: SHB Adam Weber
|
0-0: Ball 1-0: Ground out 1-3 (Groundball, 34S, EV 72.5 MPH) Keith Hoffman to second
|
|
Batting: RHB J.J. Basil
|
0-0: Ball 1-0: Ball 2-0: Ball 3-0: Base on Balls
|
|
Batting: LHB Conrad Taylor
|
0-0: Foul Ball, location: 2F 0-1: Ball 1-1: Ball 2-1: Fly out, F7 (Flyball, 78S, EV 89.4 MPH)
|
|
Batting: LHB Tyler Davis
|
0-0: Ball 1-0: Ball 2-0: Foul Ball, location: 2F 2-1: Fly out, F4 (Line Drive, 4, EV 57.5 MPH)
|
| Top of the 5th over - 0 runs, 1 hit, 0 errors, 2 left on base; Toledo 2 - Fresno 3 |
| BOTTOM OF THE 5TH |
|
Fresno Grizzlies batting - Pitching for Toledo Mud Hens : LHP Josh Thorpe
|
|
Batting: RHB Matt Parker
|
0-0: Ball 1-0: Ball 2-0: Ball 3-0: Called Strike 3-1: Fly out, F7 (Line Drive, 7LM, EV 100.6 MPH)
|
|
Batting: RHB Raul Sanchez
|
0-0: Ball 1-0: Ball 2-0: Ground out U3 (Groundball, 34, EV 100.6 MPH)
|
|
Batting: RHB Ben Hoffman
|
0-0: Ball 1-0: Ball 2-0: Ball 3-0: Called Strike 3-1: Ground out 4-3 (Groundball, 4, EV 81.9 MPH)
|
| Bottom of the 5th over - 0 runs, 0 hits, 0 errors, 0 left on base; Toledo 2 - Fresno 3 |
| TOP OF THE 6TH |
|
Toledo Mud Hens batting - Pitching for Fresno Grizzlies : RHP Tommy Cunningham
|
|
Batting: SHB Andy Vivas
|
0-0: DOUBLE (Line Drive, 7LS, EV 101.9 MPH)
|
|
Batting: LHB Frank McConnell
|
0-0: Foul Ball, location: 2F 0-1: Ball 1-1: Ball 2-1: Ball 3-1: Foul Ball, location: 2F 3-2: DOUBLE (Line Drive, 9LS, EV 106.2 MPH) Andy Vivas scores
|
|
Batting: SHB Ross Holland
|
0-0: Ball 1-0: Called Strike 1-1: Swinging Strike 1-2: Ball 2-2: Strikes out swinging
|
|
Pitching: RHP Jon Manwaring
|
|
|
Batting: RHB Joel Miller
|
0-0: Called Strike 0-1: Foul Ball, location: 2F 0-2: Ground out 5-3 (Groundball, 56S, EV 60.6 MPH) Frank McConnell to third
|
|
Batting: RHB Keith Hoffman
|
0-0: Foul Ball, location: 2F 0-1: Swinging Strike 0-2: Ball 1-2: Ball 2-2: Ball 3-2: Strikes out looking
|
| Top of the 6th over - 1 run, 2 hits, 0 errors, 1 left on base; Toledo 3 - Fresno 3 |
| BOTTOM OF THE 6TH |
|
Fresno Grizzlies batting - Pitching for Toledo Mud Hens : LHP Josh Thorpe
|
|
Batting: RHB Edgar Trejo
|
0-0: Ball 1-0: Called Strike 1-1: Fly out, F4 (Popup, 23, EV 85.6 MPH)
|
|
Batting: RHB Bill Cabrera
|
0-0: Fly out, F6 (Popup, 4MS, EV 64.4 MPH)
|
|
Batting: RHB Ramon Castellon
|
0-0: Swinging Strike 0-1: Called Strike 0-2: Strikes out swinging
|
| Bottom of the 6th over - 0 runs, 0 hits, 0 errors, 0 left on base; Toledo 3 - Fresno 3 |
| TOP OF THE 7TH |
|
Toledo Mud Hens batting - Pitching for Fresno Grizzlies : RHP Jon Manwaring
|
|
Batting: SHB Adam Weber
|
0-0: Called Strike 0-1: SINGLE (Line Drive, 4M, EV 105.0 MPH)
|
|
Batting: RHB J.J. Basil
|
0-0: Ball 1-0: Ball Adam Weber steals 2nd base 2-0: Fly out, F9 (Flyball, 89XD, EV 94.4 MPH) Runner from 2nd tags up, SAFE at 3rd, no throw by RF
|
|
Batting: LHB Conrad Taylor
|
0-0: Foul Ball, location: 2F 0-1: Foul Ball, location: 2F 0-2: Foul Ball, location: 2F 0-2: Ball 1-2: Foul Ball, location: 2F 1-2: Foul Ball, location: 2F 1-2: Ball 2-2: Fly out, F9 (Flyball, 9LMF, EV 87.5 MPH) Runner from 3rd tags up, SCORES, throw by RF
|
|
Batting: LHB Tyler Davis
|
0-0: Called Strike 0-1: Swinging Strike 0-2: Ball 1-2: Ball 2-2: Fly out, F9 (Flyball, 89S, EV 84.4 MPH)
|
| Top of the 7th over - 1 run, 1 hit, 0 errors, 0 left on base; Toledo 4 - Fresno 3 |
| BOTTOM OF THE 7TH |
|
Fresno Grizzlies batting - Pitching for Toledo Mud Hens : LHP Josh Thorpe
|
|
Batting: LHB Doug Anderson
|
0-0: Ball 1-0: Ground out 4-3 (Groundball, 4, EV 91.9 MPH)
|
|
Batting: RHB Paul Shell
|
0-0: Foul Ball, location: 2F 0-1: Ball 1-1: Swinging Strike 1-2: Strikes out swinging
|
|
Batting: SHB Paskar Adegoke
|
0-0: Called Strike 0-1: Swinging Strike 0-2: Ball 1-2: Ball 2-2: Foul Ball, location: 2F 2-2: Foul Ball, location: 2F 2-2: Ground out 5-3 (Groundball, 56, EV 105.6 MPH)
|
| Bottom of the 7th over - 0 runs, 0 hits, 0 errors, 0 left on base; Toledo 4 - Fresno 3 |
| TOP OF THE 8TH |
|
Toledo Mud Hens batting - Pitching for Fresno Grizzlies : RHP Jon Manwaring
|
|
Pitching: RHP Willie Jimenez
|
|
|
Batting: SHB Andy Vivas
|
0-0: Ball 1-0: Called Strike 1-1: Reached on error, E1 (Groundball, 13S, EV 72.5 MPH)
|
|
Batting: LHB Frank McConnell
|
0-0: Ball 1-0: Fly out, F7 (Flyball, 7LS, EV 86.9 MPH)
|
|
Batting: SHB Ross Holland
|
0-0: Intentional Walk
|
|
Batting: RHB Joel Miller
|
0-0: Foul Ball, location: 2F 0-1: Swinging Strike 0-2: Strikes out swinging
|
|
Batting: RHB Keith Hoffman
|
0-0: Foul Ball, location: 2F 0-1: Swinging Strike 0-2: Foul Ball, location: 2F 0-2: Strikes out looking
|
| Top of the 8th over - 0 runs, 0 hits, 1 error, 2 left on base; Toledo 4 - Fresno 3 |
| BOTTOM OF THE 8TH |
|
Fresno Grizzlies batting - Pitching for Toledo Mud Hens : LHP Josh Thorpe
|
|
Batting: RHB Matt Parker
|
0-0: Ball 1-0: Ball 2-0: Ball 3-0: Called Strike 3-1: Ground out 4-3 (Groundball, 34, EV 105.6 MPH)
|
|
Batting: RHB Raul Sanchez
|
0-0: Called Strike 0-1: Ball 1-1: Called Strike 1-2: Strikes out swinging
|
|
Batting: RHB Ben Hoffman
|
0-0: Called Strike 0-1: Ball 1-1: Ball 2-1: Ball 3-1: Base on Balls
|
|
Pitching: RHP Josh Wollaston
|
|
|
Batting: RHB Edgar Trejo
|
0-0: Fly out, F9 (Line Drive, 9, EV 89.4 MPH)
|
| Bottom of the 8th over - 0 runs, 0 hits, 0 errors, 1 left on base; Toledo 4 - Fresno 3 |
| TOP OF THE 9TH |
|
Toledo Mud Hens batting - Pitching for Fresno Grizzlies : RHP Willie Jimenez
|
|
Batting: SHB Adam Weber
|
0-0: Ball 1-0: Ball 2-0: Ball 3-0: Called Strike 3-1: Swinging Strike 3-2: SINGLE (Line Drive, 8RS, EV 90.6 MPH)
|
|
Batting: RHB J.J. Basil
|
0-0: Bunt missed! 0-1: Bunted foul 0-2: Foul Ball, location: 2F Balk! Adam Weber to second 0-2: Ball 1-2: Ball 2-2: Ball 3-2: Foul Ball, location: 2F 3-2: SINGLE (Line Drive, 4D, EV 98.1 MPH) Adam Weber to third Runner from 3rd tries for Home, SAFE, throw by CF to home
|
|
Batting: LHB Conrad Taylor
|
0-0: Called Strike 0-1: Swinging Strike 0-2: Strikes out swinging
|
|
Batting: LHB Tyler Davis
|
0-0: Ball 1-0: Called Strike 1-1: SINGLE (Groundball, 4MD, EV 104.4 MPH) J.J. Basil to second Runner from 2nd tries for 3rd, OUT! 8-5
|
|
Batting: SHB Andy Vivas
|
0-0: Swinging Strike 0-1: Foul Ball, location: 2F 0-2: Strikes out swinging
|
| Top of the 9th over - 1 run, 3 hits, 0 errors, 1 left on base; Toledo 5 - Fresno 3 |
| BOTTOM OF THE 9TH |
|
Fresno Grizzlies batting - Pitching for Toledo Mud Hens : RHP Josh Wollaston
|
|
Now in LF: Tyler Davis
|
|
|
Now in RF: Bill Ford
|
|
|
Batting: RHB Bill Cabrera
|
0-0: Ball 1-0: Called Strike 1-1: Swinging Strike 1-2: Strikes out looking
|
|
Batting: RHB Ramon Castellon
|
0-0: Swinging Strike 0-1: Ball 1-1: Called Strike 1-2: Ball 2-2: Strikes out looking
|
|
Batting: LHB Doug Anderson
|
0-0: Ball 1-0: Called Strike 1-1: Ball 2-1: Foul Ball, location: 2F 2-2: Ball 3-2: Foul Ball, location: 2F 3-2: Base on Balls
|
|
Batting: RHB Paul Shell
|
0-0: Ball 1-0: Called Strike 1-1: Ball 2-1: Ball 3-1: Base on Balls Doug Anderson to second
|
|
Batting: SHB Paskar Adegoke
|
Balk! Doug Anderson to third Paul Shell to second 0-0: Ground out U3 (Groundball, 3, EV 81.9 MPH)
|
| Bottom of the 9th over - 0 runs, 0 hits, 0 errors, 2 left on base; Toledo 5 - Fresno 3 |
|